 Dungeon Crawl Stone Soup version 0.26.1-11-gd32895ea62 (webtiles) character file.

Game seed: 5033626624067720136

97 Almogavar the Conjurer (level 5, -3/28 HPs)
             Began as a Kobold Conjurer on June 9, 2021.
             Slain by a quokka (4 damage)
             ... on level 2 of the Dungeon.
             The game lasted 00:04:31 (1834 turns).

Almogavar the Conjurer (Kobold Conjurer)            Turns: 1834, Time: 00:04:32

Health: -3/28      AC:  3    Str:  4    XL:     5   Next: 0%
Magic:  1/9        EV: 15    Int: 20    God:
Gold:   40         SH:  0    Dex: 14    Spells: 6/9 levels left

rFire    . . .     SeeInvis .   e - +0 short sword
rCold    . . .     Faith    .   (shield restricted)
rNeg     . . .     Spirit   .   a - +0 robe
rPois    .         Reflect  .   l - +0 helmet
rElec    .         Harm     .   (no cloak)
rCorr    +         Rampage  .   (no gloves)
Will     .....                  (no boots)
Stlth    +++.......             (no amulet)
HPRegen  0.09/turn              g - ring of resist corrosion
MPRegen  0.11/turn              (no ring)

@: very slightly contaminated
A: small, nightstalker 3
a: no special abilities


You were on level 2 of the Dungeon.
You visited 1 branch of the dungeon, and saw 3 of its levels.

You collected 40 gold pieces.

Inventory:

Hand Weapons
 e - a +0 short sword (weapon)
Armour
 a - a +0 robe (worn)
 c - a +0 leather armour
 l - a +0 helmet (worn)
 n - a cursed +0 ring mail
Jewellery
 g - a ring of resist corrosion (left hand)
Wands
 o - a wand of paralysis (10)
Scrolls
 d - a scroll of remove curse
 f - 2 scrolls of teleportation
 j - a scroll of magic mapping {unknown}
 k - 2 scrolls of fog
 p - a scroll of enchant weapon {unknown}
Potions
 h - a potion of degeneration {unknown}
 i - a potion of curing {unknown}
 m - a potion of brilliance {unknown}
 q - a potion of magic {unknown}


   Skills:
 - Level 0.3 Short Blades
 + Level 2.7 Dodging
 + Level 3.2 Stealth
 + Level 2.7 Spellcasting
 + Level 5.4 Conjurations


You had 6 spell levels left.
You knew the following spells:

 Your Spells              Type           Power        Failure   Level
a - Magic Dart            Conj           96%          1%          1
b - Searing Ray           Conj           48%          2%          2

Your spell library contained the following spells:

 Spells                   Type           Power        Failure   Level
 Dazzling Flash           Conj/Hex       26%          14%         3
 Fulminant Prism          Conj/Hex       6%           43%         4
 Iskenderun's Mystic Bla  Conj/Tloc      13%          43%         4


Dungeon Overview and Level Annotations

Branches:
Dungeon (3/15)

Altars:


Innate Abilities, Weirdness & Mutations

You are small and have problems with some larger weapons.
You are completely attuned to the shadows.


Message History

* * * LOW HITPOINT WARNING * * *
There is an open door here.
The quokka barely misses you.
There is a stone staircase leading up here.
The quokka misses you.
You climb upwards.
There is a stone staircase leading down here.
Casting: Magic Dart (safe; 1% risk of failure)
Confirm with . or Enter, or press ? or * to list all spells.
Aiming: Magic Dart (safe; 1% risk of failure)
Press: ? - help, Shift-Dir - straight line, f - quokka
Aim: a quokka (0% to evade)
You miscast Magic Dart.
You are very lightly contaminated with residual magic.
Nothing appears to happen.
The quokka twitches its whiskers.
The quokka bites you.
* * * LOW HITPOINT WARNING * * *
The quokka bites you.
You die...

#§##############.#
#§# #.# #§# #.#
#§# #.# #.# #.#
#.# #.# #.# #.#
#.###### #.#
#@.....## #.#
#r####..# #.#
####.# ##.# #.#
#....# #.## #.#
#.#### #..# #.#
#.# ##.## #.# #.#
#..# #.# #.# ##.##
#.# #.# #..# #.#


You could see a quokka.

Vanquished Creatures
  2 orc priests (D:3)
  An ooze (D:1)
  A dart slug (D:1)
  3 leopard geckos
  2 hobgoblins
  3 jackals (D:1)
  A quokka (D:3)
  6 bats
  A frilled lizard (D:2)
  5 goblins
  A kobold (D:1)
  4 rats
30 creatures vanquished.

Notes
Turn   | Place    | Note
-------+----------+-------------------------------------------
     0 | D:1      | Almogavar the Kobold Conjurer began the quest for the Orb.
     0 | D:1      | Reached XP level 1. HP: 10/10 MP: 3/3
   117 | D:1      | Reached XP level 2. HP: 15/15 MP: 3/5
   535 | D:1      | Reached XP level 3. HP: 19/19 MP: 0/6
   748 | D:1      | Learned a level 2 spell: Searing Ray
  1806 | D:3      | Reached skill level 5 in Conjurations
  1806 | D:3      | Reached XP level 4. HP: 24/24 MP: 1/7
  1812 | D:3      | Reached XP level 5. HP: 7/28 MP: 0/9
  1834 | D:2      | HP: 1/28 [quokka (5)]
  1834 | D:2      | Slain by a quokka

Illustrated notes

Levels and vault maps discovered:
D:1:      lightli_arrival_flooded_house, layout_basic
D:2:      layout_basic
D:3:      layout_basic, old_standard_altar, marbit_many_paths,
          minmay_misc_feat_rows, elyvilon_altar_1, uniq_jessica

Skill      XL: |  1  2  3 |
---------------+----------+-----
Stealth        | 3 |  3.2
Conjurations   | 5 |  5.4
Short Blades   | |  0.3
Dodging        | |  2.7
Spellcasting   | |  2.7

Action                   |  1- 3 |  4- 6 || total
-------------------------+-------+-------++-------
Melee: Short sword       |     9 |     4 ||    13
 Cast: Magic Dart        |    42 |     1 ||    43
       Searing Ray       |     1 |       ||     1
  Use: Scroll            |     3 |       ||     3
Armor: Robe              |       |     1 ||     1
Dodge: Dodged            |    18 |     7 ||    25
